Cogmind - Beta 15 @@@ ROGUE MODE // 2025.09.28 @ 15:37:05 Player: unq Result: Self-destructed Performance ------------- Evolutions (6) 3000 Regions Visited (13) 2600 Robots Destroyed (207) 1035 Value Destroyed (8978) 8978 Prototype IDs (19) 380 Alien Tech Used (0) 0 Bonus (5927) 5927 TOTAL SCORE: 21920 Bonus ------- High Alert Combat Kills 1586 Follower Combat Kills 1128 Registered with UFD 300 Met Optimus in HQ 500 Met Warlord at Base 500 MAIN.C Attacked Warlord 500 Warlord Defense Kills 1522 Friendly Fire -109 Cogmind --------- Core Integrity 151/1150 Matter 300/300 Energy 170/170 System Corruption 27% Temperature Cool (0) Movement Rolling (120) Ox2 Location -4/Factory Parts ------- > --- POWER (2) -------- Light Antimatter Reactor > --- PROPULSION (6) --- Heavy Treads Heavy Treads Wheel Compact Wheel > --- UTILITY (8) ------ Improved Coolant Injector Medium Storage Unit Terrain Scanner Makeshift Heavy Armor Plating > --- WEAPON (3) ------- Plasma Rifle Plasma Rifle > --- INVENTORY (10) --- Compact Matter Pod (150) Advanced Transmission Jammer Layered Medium Armor Plating Authchip [Armor] Peak State ------------ > --- POWER ------------ Light Antimatter Reactor Light Antimatter Reactor > --- PROPULSION ------- Flexi-carbon Leg Flexi-carbon Leg Flexi-carbon Leg Thunder Leg Thunder Leg Myomer Leg > --- UTILITY ---------- Advanced Heat Sink Large Storage Unit Improved Sensor Array Improved Signal Interpreter Reaction Control System Improved Focal Shield Advanced Hacking Suite Improved System Shield > --- WEAPON ----------- Phase Gun Coil Gun Mass Driver > --- INVENTORY -------- Light Antimatter Reactor Flexi-carbon Leg Advanced Heat Sink Compact Matter Pod Improved Target Analyzer Advanced Transmission Jammer ECM Suite Shield Generator Hacking Suite Tesla Rifle Plasma Rifle Phase Cannon Coil Gun Improved Remote Datajack Spear [Rating: 104] Favorites ----------- Power Ion Engine Engine Ion Engine Power Core Micro Nuclear Core Reactor Light Antimatter Reactor Propulsion Armored Leg Treads Light Treads Leg Armored Leg Wheel Wheel Hover Unit Antigrav System Utility Large Storage Unit Device Improved Sensor Array Storage Large Storage Unit Processor Improved Signal Interpreter Hackware Improved System Shield Protection Utility Shielding Weapon Junk Cannon Energy Gun Heavy Beamcaster Energy Cannon Light EM Pulse Cannon Ballistic Gun Heavy Machine Gun Ballistic Cannon Slug Cannon Launcher Mini Grenade Launcher Special Weapon Junk Cannon Impact Weapon Heavy Mace Slashing Weapon Power Sword Piercing Weapon Spear Build | -11 -10 -10 -9 -9 -6 -6 -6 -5 -5 -5 -5 -4 -4 ------- Run | Yrd Mat Sub Rec Scr Fac Low Low Fac Upp Upp War Pro Fac Slots Evolved 12 | . . . . . 8 . . 2 . . . . 2 Power 1 | . . . . . . . . 1 . . . . . Propulsion 4 | . . . . . 3 . . . . . . . 1 Utility 6 | . . . . . 4 . . 1 . . . . 1 Weapon 1 | . . . . . 1 . . . . . . . . Parts Attached 223 | 6 16 3 3 10 58 8 4 23 1 6 23 9 53 Power 27 | 1 . 1 . . 8 2 . 2 . 1 3 2 7 Engine 10 | 1 . 1 . . 6 1 . . . . 1 . . Core 8 | . . . . . 2 1 . 2 . 1 1 . 1 Reactor 9 | . . . . . . . . . . . 1 2 6 Propulsion 58 | 2 3 1 1 3 13 1 2 6 . 1 9 1 15 Treads 9 | . 3 . . . 1 . 1 . . . 2 . 2 Leg 33 | 2 . . . . 12 1 1 . . . 6 1 10 Wheel 8 | . . 1 1 3 . . . . . . . . 3 Hover 8 | . . . . . . . . 6 . 1 1 . . Flight . | . . . . . . . . . . . . . . Utility 71 | 1 5 . . 4 17 3 . 11 1 3 5 3 18 Device 38 | 1 2 . . 2 8 1 . 6 . 2 4 3 9 Storage 7 | . 1 . . 1 . . . 2 . . . . 3 Processor 9 | . . . . . 5 . . 2 1 . . . 1 Hackware 4 | . . . . . 2 . . 1 . . . . 1 Protection 13 | . 2 . . 1 2 2 . . . 1 1 . 4 Artifact . | . . . . . . . . . . . . . . Weapon 67 | 2 8 1 2 3 20 2 2 4 . 1 6 3 13 Energy Gun 19 | 1 4 . . . 4 . . . . . 4 . 6 Energy Cannon 10 | . 1 1 1 . 2 1 1 1 . . . 1 1 Ballistic Gun 21 | 1 . . . . 9 . 1 3 . 1 1 1 4 Ballistic Cannon 7 | . 1 . . 1 2 1 . . . . 1 . 1 Launcher 2 | . . . . . 2 . . . . . . . . Special Weapon 2 | . . . . 1 . . . . . . . . 1 Impact Weapon 3 | . 2 . . 1 . . . . . . . . . Slashing Weapon 2 | . . . 1 . 1 . . . . . . . . Piercing Weapon 1 | . . . . . . . . . . . . 1 . Special Melee Weapon . | . . . . . . . . . . . . . . Unidentified Prototypes 6 | . 1 . . 1 1 . . 1 . . 2 . . Corrupted Parts 3 | . . . . . . . . . . . 1 . 2 System Corruption 22 | . . . . . . . . . . . 4 . 18 Parts Lost 92 | . 1 3 1 . 16 2 1 3 . 3 22 3 37 Power 15 | . . . . . 5 . . 1 . . 3 . 6 Propulsion 26 | . 1 1 1 . 2 . 1 1 . 2 7 . 10 Utility 25 | . . . . . 5 . . . . 1 6 1 12 Weapon 26 | . . 2 . . 4 2 . 1 . . 6 2 9 Highest Loss Streak 21 | . 1 1 1 . 3 2 1 3 . 2 12 1 21 To Critical Strikes 2 | . . . . . . . . . . . 1 . 1 Average Backups 11 | 2 9 14 14 14 13 14 14 10 10 9 8 4 8 Power . | . . 1 1 1 . . 1 . . . . . . Propulsion 2 | 1 1 3 3 2 2 6 5 . 1 . . . . Utility 4 | . 3 6 6 6 4 4 5 5 5 5 4 3 4 Weapon 3 | 1 3 3 3 4 4 3 3 3 3 3 3 1 2 Tool/Special . | . . . . . . . . . . . . . . Unused Backups 33 | . 3 3 . 5 7 1 . 5 1 . . 1 7 Power 3 | . 1 . . . 1 . . . . . . . 1 Propulsion 6 | . . 2 . 2 1 1 . . . . . . . Utility 13 | . . 1 . 1 3 . . 2 . . . 1 5 Weapon 11 | . 2 . . 2 2 . . 3 1 . . . 1 Tool/Special . | . . . . . . . . . . . . . . Average Slot Usage (%) 89 | . 98 100 98 91 87 85 82 92 94 92 79 97 79 Engine 5 | . 14 14 14 14 4 3 6 . . . 1 . . Core 2 | . . . . . 1 2 . 9 11 11 6 5 1 Reactor 1 | . . . . . . . . . . . 1 4 6 Treads 4 | . 21 26 2 . . . 3 . . . 1 11 3 Leg 13 | . 6 . . . 23 20 18 1 . . 4 17 20 Wheel 4 | . . 1 23 28 . . . . . . . . . Hover 2 | . . . . . . . . 21 23 21 13 . . Device 11 | . 14 . 12 12 8 6 6 9 11 10 9 22 16 Storage 6 | . 7 14 14 14 6 6 6 6 5 5 4 . 4 Processor 5 | . . . . . 12 4 . 4 5 5 5 5 4 Hackware 4 | . . . . . 4 12 6 7 11 11 8 5 5 Protection 4 | . 5 13 1 1 5 7 12 7 5 5 4 4 1 Energy Gun 3 | . 13 14 . . 1 . . . . . 2 5 3 Energy Cannon 3 | . 1 3 15 6 1 5 6 2 5 2 1 3 . Ballistic Gun 4 | . 4 . . . 7 1 3 8 11 11 5 3 4 Ballistic Cannon 2 | . 3 9 . . . 9 8 . . . . 1 2 Special Weapon 1 | . . . . 7 2 . . . . . . . . Impact Weapon 1 | . 4 1 . . 2 . . . . . . . . Slashing Weapon 1 | . . . 11 6 1 1 . 3 . . 2 . . Peak Build Rating 104 | 6 12 12 14 24 67 63 62 81 84 84 88 85 104 Average Rating 52 | 4 9 11 13 17 60 59 58 71 81 78 66 81 80 On Entrance 46 | . 6 11 12 14 24 60 62 60 81 81 81 78 79 Naked Turns 89 | . . . . . . . . . . . . . 89 Heaviest Build 76 | 9 32 33 34 42 65 76 76 74 46 51 55 59 70 Greatest Support 140 | 20 40 40 10 32 82 75 75 60 53 53 58 58 140 Greatest Overweight (x) 12 | 1 . 3 3 3 2 1 1 1 . 1 2 1 12 Average Overweight (x) . | . . . 3 2 . . 1 . . . . . . Largest Inventory Capacity 15 | 5 15 15 15 15 15 15 15 15 10 10 10 5 15 Average Capacity 12 | 5 10 15 15 15 15 15 15 10 10 10 9 5 10 Most Carried 15 | 5 15 15 15 15 15 15 15 15 10 10 10 5 15 Average Carried 11 | 2 9 14 14 14 14 14 14 10 10 9 8 4 8 Final Capacity 15 | 5 15 15 15 15 15 15 15 10 10 10 5 5 10 Final Carried 15 | 5 15 15 15 15 15 15 15 10 10 9 5 5 4 Class Distribution -------------------- 38% | Mutant 9% | Hacker-Mutant 8% | Scavenger-Mutant 7% | Skirmisher 6% | Assassin 6% | Scavenger-Skirmisher 6% | Hacker-Gunner 4% | Scavenger-Tank 3% | Hacker-Skirmisher 3% | Hacker-Tank Dominant Class ---------------- Mutant | -10/Materials Mutant | -10/Subcaves Mutant | -9/Recycling Mutant | -9/Scraptown Skirmisher | -6/Factory Hacker-Gunner | -6/Lower Caves Tank | -6/Lower Caves Hacker-Mutant | -5/Factory Hacker-Skirmisher | -5/Upper Caves Hacker-Skirmisher | -5/Upper Caves Hacker-Mutant | -5/Warlord Scavenger-Skirmisher | -4/Proximity Caves Scavenger-Mutant | -4/Factory Resources | -11 -10 -10 -9 -9 -6 -6 -6 -5 -5 -5 -5 -4 -4 ----------- Run | Yrd Mat Sub Rec Scr Fac Low Low Fac Upp Upp War Pro Fac Matter Collected 8195 | 272 501 165 65 130 2889 661 117 376 111 123 759 491 1535 Remotely . | . . . . . . . . . . . . . . Salvage Created 9938 | 147 662 415 286 . 4275 668 46 102 . 130 524 455 2228 Parts 407 | 12 36 19 7 . 177 15 . 6 . 13 29 14 79 Haulers Intercepted 2 | . 2 . . . . . . . . . . . . Recyclers Shooed 6 | . . . 1 . 5 . . . . . . . . Parts Field Recycled 33 | . . . . . 33 . . . . . . . . Retrieved Matter 385 | . . . . . 385 . . . . . . . . Parts Self-Destructed 66 | . . 15 . . . 29 . . . 12 . 10 . Prevented 5 | . . 2 . . . . 2 . . . . 1 . Kills | -11 -10 -10 -9 -9 -6 -6 -6 -5 -5 -5 -5 -4 -4 ------- Run | Yrd Mat Sub Rec Scr Fac Low Low Fac Upp Upp War Pro Fac Combat Hostiles Destroyed 161 | . 12 10 1 . 64 10 1 4 . 7 11 8 33 Melee 10 | . . . . . 1 . . 2 . . 1 . 6 Guns 77 | . 6 4 . . 40 1 . 2 . 1 7 3 13 Cannons 45 | . 5 6 1 . 12 9 1 . . . . 2 9 AOE 22 | . 1 . . . 6 . . . . 6 3 2 4 Classes Destroyed 23 | 2 6 2 1 . 5 2 1 . . . 4 . . Worker 9 | . 1 . . . 6 . . 1 . . . . 1 Builder 3 | . . . . . 1 . . . . . . . 2 Tunneler 6 | 3 . . . . 3 . . . . . . . . Hauler 2 | . 2 . . . . . . . . . . . . Recycler 16 | 1 . . 3 . 8 . . . . . . . 4 Minesweeper 1 | . . . . . . 1 . . . . . . . Mechanic 1 | . . . . . 1 . . . . . . . . Operator 2 | . 1 . . . 1 . . . . . . . . Turret 2 | . . 2 . . . . . . . . . . . Watcher 4 | . 2 . . . 2 . . . . . . . . Swarmer 33 | . 3 4 . . 8 . . 4 . 6 . . 8 Saboteur 2 | . . . . . . . . . . . 1 . 1 Grunt 62 | . 9 . . . 28 7 . . . . 2 4 12 Brawler 3 | . . . . . . 2 . . . . 1 . . Duelist 6 | . . . . . 2 1 . . . . 1 . 2 Sentry 11 | . . . 1 . 8 . . . . . . . 2 Hunter 8 | . . . . . 4 . . . . . . 2 2 Programmer 26 | . . . . . 14 . . . . 1 3 2 6 Behemoth 1 | . . . . . . . . . . . 1 . . Striker 1 | . . . . . . . . . . . 1 . . Executioner 1 | . . . . . . . . . . . 1 . . Subdweller 6 | . . 6 . . . . . . . . . . . Mutant 1 | . . . . . . . 1 . . . . . . Best Kill Streak 12 | 4 3 4 2 . 8 3 1 2 . 6 5 3 12 Combat Bots Only 10 | . 3 4 1 . 7 3 1 2 . 6 5 3 10 Max Kills in Single Turn 6 | 1 1 1 1 . 3 1 1 1 . 4 3 2 6 Gunslinging 1 | . . . . . 1 . . . . . . . . Exploded 4 | . 1 . . . 2 . . . . 4 3 2 4 Melee 1 | . . . . . 1 . . 1 . . 1 . 1 Uniques/NPCs Destroyed . | . . . . . . . . . . . . . . Combat | -11 -10 -10 -9 -9 -6 -6 -6 -5 -5 -5 -5 -4 -4 -------- Run | Yrd Mat Sub Rec Scr Fac Low Low Fac Upp Upp War Pro Fac Hostile Shots Fired 1811 | . 30 97 4 . 686 81 14 38 2 84 136 115 524 Missed 664 | . 10 38 3 . 255 28 6 11 1 33 50 54 175 Hits 1147 | . 20 59 1 . 431 53 8 27 1 51 86 61 349 Melee 21 | . . . . . 3 3 . . . . 7 . 8 Projectile 1126 | . 20 59 1 . 428 50 8 27 1 51 79 61 341 AOE 9 | . . . . . . . . . . . 8 . 1 Critical Strikes 49 | . . 1 . . 10 5 . . . 2 4 . 27 Actively Blocked 1 | . . . . . . 1 . . . . . . . Part Disruptions 3 | . . . . . 1 . . . . 1 . . 1 Damage Taken 19410 | . 305 675 18 . 6629 1057 83 449 20 846 2418 1123 5787 Core 2806 | . 37 44 . . 664 176 . 24 . 100 626 136 999 Absorbed by Shields 715 | . . . . . . . . . . 95 112 34 474 Redirected to Shielding 194 | . . 4 . . 78 26 . 26 . 13 47 . . Ignored by Resistances 497 | . . . . . . . . . . . . . 497 Regen/Repaired (Parts) 876 | . 40 . . 221 182 . . 92 . . 341 . . Core Remaining (%) 44 | 100 . . . 67 . . 1 . . . . 11 . Volleys Fired 584 | 12 37 43 7 . 210 53 6 27 1 20 33 41 94 Largest 3 | 2 2 2 2 . 3 3 3 3 1 2 3 3 3 Hottest 193 | 70 90 101 112 . 150 170 170 133 98 98 103 186 193 Shots Fired 1285 | 24 70 74 12 . 480 158 18 39 1 28 74 97 210 Gun 797 | 24 59 34 . . 356 11 . 14 . 17 68 52 162 Cannon 431 | . 11 40 12 . 77 147 18 25 1 8 . 45 47 Launcher 20 | . . . . . 11 . . . . 3 6 . . Special 37 | . . . . . 36 . . . . . . . 1 Kinetic 798 | 12 31 26 . . 333 106 12 22 . 17 54 43 142 Thermal 296 | 12 7 . . . 88 52 6 16 1 8 . 42 64 Explosive 17 | . . . . . 8 . . . . 3 6 . . Electromagnetic 121 | . 32 48 12 . 15 . . 1 . . . 10 3 Impact 36 | . . . . . 36 . . . . . . . . Entropic 16 | . . . . . . . . . . . 14 2 . Robot Hit Streak 23 | 8 14 23 10 . 22 5 3 2 1 9 12 8 12 Robot Miss Streak 7 | 1 4 3 3 . 7 5 2 4 . 3 5 6 6 Penetration Max 2 | . . . . . 1 1 . . . . 2 . 2 Secondary Targets 7 | . . . . . 2 . . . . . 3 . 2 Max Gunslinging Chain 1 | . . . . . 1 . . . . . 1 . 1 Shots Hit Robots 844 | 16 53 57 12 . 367 59 7 13 1 13 45 55 146 Core Hits 453 | 7 31 19 5 . 205 20 3 5 . 14 34 21 89 Critical Kills 16 | . . . . . 8 1 . 1 . . 3 1 2 Critical Parts Destroyed 28 | . 1 . . . 13 1 . . . 2 5 3 3 Critical Strikes 76 | 2 1 1 . . 29 7 2 1 . 2 10 8 13 Burn 13 | 2 . . . . 3 . . . . . . 3 5 Meltdown 1 | . . . . . 1 . . . . . . . . Destroy 37 | . 1 . . . 12 2 . 1 . 2 10 4 5 Blast 10 | . . . . . 1 5 2 . . . . . 2 Corrupt 2 | . . 1 . . . . . . . . . 1 . Smash 9 | . . . . . 9 . . . . . . . . Sever 3 | . . . . . 3 . . . . . . . . Impale 1 | . . . . . . . . . . . . . 1 Melee Attacks 187 | . 13 8 8 . 101 7 . 20 . . . . 30 Impact 84 | . 13 8 . . 63 . . . . . . . . Slashing 73 | . . . 8 . 38 7 . 20 . . . . . Piercing 30 | . . . . . . . . . . . . . 30 Sneak Attacks 25 | . 2 . 2 . 16 1 . 2 . . . . 2 Combat Hostiles . | . . . . . . . . . . . . . . Follow-up Attacks . | . . . . . . . . . . . . . . Damage Inflicted 25261 | 148 821 929 401 . 11387 2205 204 559 32 420 1648 1534 4973 Guns 11292 | 148 481 392 . . 5183 125 . 152 . 112 1133 907 2659 Cannons 5772 | . 173 537 205 . 1494 1529 204 96 32 . . 492 1010 Explosions 2777 | . 76 . . . 1050 . . . . 308 515 135 693 Melee 3605 | . 91 . 196 . 1893 551 . 311 . . . . 563 Ramming 75 | . . . . . 27 . . . . . . . 48 Kinetic 10677 | 86 262 328 . . 4969 1021 139 248 . 112 569 518 2425 Thermal 5202 | 62 130 . . . 1677 633 65 . 32 . . 899 1704 Explosive 1427 | . . . . . 604 . . . . 308 515 . . Electromagnetic 1926 | . 338 601 205 . 477 . . . . . . 72 233 Impact 3232 | . 91 . . . 3141 . . . . . . . . Slashing 1550 | . . . 196 . 492 551 . 311 . . . . . Piercing 563 | . . . . . . . . . . . . . 563 Entropic 609 | . . . . . . . . . . . 564 45 . Highest Corruption 27 | . . . . . 14 14 15 . . 6 11 14 27 Average Corruption 9 | . . . . . 7 14 14 . . 5 4 13 5 Corruption Purged . | . . . . . . . . . . . . . . Corruption Blocked . | . . . . . . . . . . . . . . Effects 379 | . . . . . 181 59 6 . . 10 11 72 40 Message Errors 97 | . . . . . 43 19 1 . . 3 4 14 13 Matter Fused 78 | . . . . . 37 14 1 . . 2 1 19 4 Heat Flow Errors 32 | . . . . . 16 3 1 . . . . 8 4 Energy Discharges 43 | . . . . . 21 7 1 . . 2 2 8 2 Parts Rejected 8 | . . . . . 4 . . . . . 1 . 3 Parts Fused 4 | . . . . . 3 1 . . . . . . . Data Loss (minor) 50 | . . . . . 26 7 . . . . 2 8 7 Data Loss (major) 24 | . . . . . 8 3 . . . 2 1 6 4 Misfires 14 | . . . . . 7 2 . . . . . 5 . Alerts 6 | . . . . . 2 . 2 . . . . 2 . Misdirections 4 | . . . . . 1 1 . . . . . 1 1 Weapon Failures 19 | . . . . . 13 2 . . . 1 . 1 2 Overload Shots . | . . . . . . . . . . . . . . Overflow Damage 2203 | . 40 14 75 . 1507 225 . 74 . 9 30 42 187 Projectiles 798 | . 1 14 . . 754 11 . . . . . 12 6 Explosions 350 | . 28 . . . 88 . . . . 9 30 30 165 Melee 1055 | . 11 . 75 . 665 214 . 74 . . . . 16 Knockbacks 65 | . 3 5 . . 31 9 . 1 . . . 6 10 Impact 15 | . . . . . 14 . . . . . . . 1 Kinetic 43 | . 3 5 . . 12 9 . 1 . . . 6 7 Secondary 7 | . . . . . 5 . . . . . . . 2 Self-Inflicted Damage 604 | . 47 . . . 262 . . . . 64 144 . 87 Shots 18 | . 2 . . . 8 . . . . 3 3 . 2 Rammed . | . . . . . . . . . . . . . . Targets Rammed 8 | . . . . . 6 . . . . . . . 2 Kicked 8 | . . . . . 6 . . . . . . . 2 Crushed . | . . . . . . . . . . . . . . Highest Temperature 393 | 80 132 6 204 . 369 197 191 16 . 272 387 393 232 Average Temperature 84 | 38 28 5 105 . 103 34 41 11 . 159 46 129 50 Received Heat Transfer 3739 | . 78 270 . . 1567 504 . . . 9 132 96 1083 Effects 10 | . . . . . 5 . . . . 2 2 1 . Shutdowns 2 | . . . . . . . . . . . 1 1 . Energy Bleed 3 | . . . . . . . . . . 2 1 . . Interference 3 | . . . . . 3 . . . . . . . . Short Circuit 2 | . . . . . 2 . . . . . . . . Siege Activations . | . . . . . . . . . . . . . . Martial Activations . | . . . . . . . . . . . . . . Shielding Activations . | . . . . . . . . . . . . . . Robots Disrupted . | . . . . . . . . . . . . . . Combat Hostiles . | . . . . . . . . . . . . . . Robots Corrupted 16 | . 1 2 . . 11 . . . . . . . 2 Combat Hostiles 5 | . . . . . 4 . . . . . . . 1 Parts Fried 28 | . 1 4 2 . 17 . . . . . . . 4 Impact Corruptions 48 | . 2 . . . 45 . . . . . . . 1 Robots Melted 2 | . . . . . 1 . . . . . . 1 . Combat Hostiles 2 | . . . . . 1 . . . . . . 1 . Parts Melted 18 | . 1 . . . 10 . . . . . . 4 3 Heat Transferred 8704 | 333 298 . . . 3143 987 100 . 50 . . 1432 2361 Parts Sabotaged 6 | . . . . . . . . . . . . . 6 Parts Stolen . | . . . . . . . . . . . . . . Parts Stripped . | . . . . . . . . . . . . . . Power Chain Reactions 5 | . 2 . . . 2 . . . . . . 1 . Alert | -11 -10 -10 -9 -9 -6 -6 -6 -5 -5 -5 -5 -4 -4 ------- Run | Yrd Mat Sub Rec Scr Fac Low Low Fac Upp Upp War Pro Fac Maximum Alert Level 4 | . . . 1 . 4 . . 2 . . . . 4 Low Security (%) 43 | 100 100 . 93 . 31 . . . . . . . 32 Level 1 12 | . . . 6 . 3 . . 97 . . . . 12 Level 2 20 | . . . . . 28 . . 2 . . . . 32 Level 3 15 | . . . . . 25 . . . . . . . 11 Level 4 7 | . . . . . 10 . . . . . . . 11 Level 5 . | . . . . . . . . . . . . . . High Security . | . . . . . . . . . . . . . . Max Security . | . . . . . . . . . . . . . . Peak Influence 1568 | 10 81 . 218 . 1429 . . 412 . . . . 1568 Initial 332 | . . . 218 . . . . 332 . . . . . Average 395 | 1 27 . 96 . 526 . . 316 . . . . 483 Influence Increases 7628 | 20 381 555 57 . 2568 455 . 427 30 175 250 295 2415 Destroy 0b10 Robot/C 3720 | . 240 120 20 . 1280 340 . 160 . 140 220 160 1040 Destroy 0b10 Robot/NC 265 | 20 30 . 15 . 110 10 . 15 . . . . 65 Destroy Leader 734 | . 68 . . . 364 30 . 22 . 20 . 30 200 Allied During Kill 99 | . . . . . 8 . . 33 . . . . 58 Successful Hack 114 | . 14 . 17 . 21 . . 50 . . . . 12 Disable Machine 690 | . 15 . . . 270 . . 60 . . . . 345 Anti-Garrison Action 200 | . . . . . . . . . . . . . 200 Destroy Structure 486 | . 14 . 5 . 125 . . 72 . . . . 270 Partial Spotted 15 | . . . . . 15 . . . . . . . . Lose Combat Pursuer 1305 | . . 435 . . 375 75 . 15 30 15 30 105 225 Influence Decreases 6082 | 20 347 134 512 . 1139 1083 273 696 237 227 250 295 869 Entered New Map 1240 | . . 17 237 . . 529 153 196 97 11 . . . Time Decay 3402 | 20 337 97 265 . 509 534 110 410 120 186 64 275 475 Lost Part 850 | . 10 20 10 . 160 20 10 30 . 30 186 20 354 Lost Ally 140 | . . . . . 20 . . 60 20 . . . 40 Purge Threat 450 | . . . . . 450 . . . . . . . . Squads Dispatched 55 | . 3 . . . 28 . . 7 . . . . 17 Investigation 15 | . 1 . . . 6 . . 4 . . . . 4 Extermination 16 | . . . . . 11 . . 1 . . . . 4 Reinforcement 13 | . 2 . . . 6 . . 2 . . . . 3 Assault 3 | . . . . . . . . . . . . . 3 Garrison 8 | . . . . . 5 . . . . . . . 3 Intercept . | . . . . . . . . . . . . . . Searches Triggered . | . . . . . . . . . . . . . . Construction Impeded 9 | . . . . . 6 . . . . . . . 3 Haulers Reinforced . | . . . . . . . . . . . . . . Active Scanning Responses . | . . . . . . . . . . . . . . Cargo Convoy Interrupts . | . . . . . . . . . . . . . . Stealth | -11 -10 -10 -9 -9 -6 -6 -6 -5 -5 -5 -5 -4 -4 --------- Run | Yrd Mat Sub Rec Scr Fac Low Low Fac Upp Upp War Pro Fac Distress Signals 10 | . 1 . . . 2 . . . . . 3 . 4 Communications Jammed . | . . . . . . . . . . . . . . Distress Signals . | . . . . . . . . . . . . . . Times Spotted 348 | . 29 31 1 . 100 13 1 11 1 10 53 15 83 Peak Tracking Total 19 | . 3 6 1 . 6 4 1 4 3 8 19 4 9 Tactical Retreats 39 | . . 3 . . 16 3 . 1 1 2 5 2 6 Traps | -11 -10 -10 -9 -9 -6 -6 -6 -5 -5 -5 -5 -4 -4 ------- Run | Yrd Mat Sub Rec Scr Fac Low Low Fac Upp Upp War Pro Fac Traps Triggered 7 | . 2 . . . 4 . . . . . . . 1 Indirectly . | . . . . . . . . . . . . . . Trap Hack Attempts . | . . . . . . . . . . . . . . Triggered . | . . . . . . . . . . . . . . Disarmed . | . . . . . . . . . . . . . . Reprogrammed . | . . . . . . . . . . . . . . Reused . | . . . . . . . . . . . . . . Traps Extracted . | . . . . . . . . . . . . . . Installed . | . . . . . . . . . . . . . . Triggered . | . . . . . . . . . . . . . . Most Traps Carried 6 | . . . . . . 6 6 6 . . . . . Machines | -11 -10 -10 -9 -9 -6 -6 -6 -5 -5 -5 -5 -4 -4 ---------- Run | Yrd Mat Sub Rec Scr Fac Low Low Fac Upp Upp War Pro Fac Machines Disabled 49 | . 1 1 . . 18 . 1 4 . . 1 . 23 Max in Single Turn 2 | . 1 1 . . 1 . 1 1 . . 1 . 2 Garrison Access 4 | . . . . . 2 . . 1 . . . . 1 Machines Repaired . | . . . . . . . . . . . . . . Machines Dismantled . | . . . . . . . . . . . . . . Machines Sabotaged . | . . . . . . . . . . . . . . Overloaded Fab Kills . | . . . . . . . . . . . . . . Hacking | -11 -10 -10 -9 -9 -6 -6 -6 -5 -5 -5 -5 -4 -4 --------- Run | Yrd Mat Sub Rec Scr Fac Low Low Fac Upp Upp War Pro Fac Machines Accessed 81 | . 9 . 11 4 26 . . 9 1 . 13 . 8 Terminals 29 | . 6 . 5 . 12 . . 3 . . . . 3 Fabricators 3 | . . . . . 1 . . . . . . . 2 Repair Stations 6 | . 1 . . . 3 . . 2 . . . . . Recycling Units 17 | . 2 . 4 . 6 . . 3 . . . . 2 Scanalyzers 2 | . . . . . 2 . . . . . . . . Garrison Access 4 | . . . . . 2 . . 1 . . . . 1 Total Hacks 195 | . 25 . 20 16 70 . . 27 1 . 25 . 11 Successful 126 | . 10 . 12 16 35 . . 19 1 . 25 . 8 Failed 68 | . 15 . 7 . 35 . . 8 . . . . 3 Catastrophic 14 | . 2 . 2 . 7 . . 1 . . . . 2 Database Lockouts 1 | . . . 1 . . . . . . . . . . Manual 77 | . 17 . 8 . 35 . . 10 . . . . 7 Terminals 84 | . 18 . 12 . 36 . . 14 . . . . 4 Fabricators 5 | . . . . . 1 . . . . . . . 4 Repair Stations 14 | . 2 . . . 6 . . 6 . . . . . Recycling Units 28 | . 5 . 6 . 10 . . 5 . . . . 2 Scanalyzers 11 | . . . . . 11 . . . . . . . . Garrison Access 9 | . . . . . 6 . . 2 . . . . 1 Terminal Hacks 69 | . 3 . 8 16 8 . . 7 1 . 25 . 1 Record 40 | . . . 2 15 . . . . . . 23 . . Part Schematic 2 | . . . 2 . . . . . . . . . . Robot Analysis 2 | . 1 . 1 . . . . . . . . . . Open Door 3 | . . . . . . . . . 1 . 2 . . Open DSF 1 | . . . . . . . . . . . . . 1 Branch Access Points 1 | . . . . . . . . 1 . . . . . Recycling Unit Index 1 | . . . . . 1 . . . . . . . . Alert Level 1 | . . . 1 . . . . . . . . . . Unreport Threat 4 | . 1 . . . 3 . . . . . . . . Locate Traps 4 | . 1 . . . 1 . . 2 . . . . . Maintenance Status 1 | . . . . . . . . 1 . . . . . Transport Status 1 | . . . 1 . . . . . . . . . . Recall Extermination 2 | . . . . . 1 . . 1 . . . . . Zone Layout 5 | . . . 1 . 2 . . 2 . . . . . Proto ID Catalog 1 | . . . . 1 . . . . . . . . . Fabricator Hacks 3 | . . . . . 1 . . . . . . . 2 Network Status 1 | . . . . . 1 . . . . . . . . Load Schematic 2 | . . . . . . . . . . . . . 2 Repair Station Hacks 11 | . 2 . . . 4 . . 5 . . . . . Scan Component 6 | . 1 . . . 2 . . 3 . . . . . Repair 5 | . 1 . . . 2 . . 2 . . . . . Recycling Unit Hacks 9 | . 2 . 4 . 2 . . 1 . . . . . Report Inventory 1 | . . . . . . . . 1 . . . . . Retrieve Components 8 | . 2 . 4 . 2 . . . . . . . . Scanalyzer 10 | . . . . . 10 . . . . . . . . Insert Component 5 | . . . . . 5 . . . . . . . . Analyze 5 | . . . . . 5 . . . . . . . . Garrison Access Hacks 3 | . . . . . 2 . . 1 . . . . . Seal Access 3 | . . . . . 2 . . 1 . . . . . Unauthorized Hacks 21 | . 3 . . . 8 . . 5 . . . . 5 Terminals 10 | . 3 . . . 4 . . 2 . . . . 1 Botnet 10 | . 3 . . . 4 . . 2 . . . . 1 Fabricators 1 | . . . . . . . . . . . . . 1 Recompile 1 | . . . . . . . . . . . . . 1 Repair Stations . | . . . . . . . . . . . . . . Recycling Units 9 | . . . . . 4 . . 3 . . . . 2 Fedlink 6 | . . . . . 4 . . 2 . . . . . Scrapoids 1 | . . . . . . . . 1 . . . . . Scraphulk 2 | . . . . . . . . . . . . . 2 Scanalyzers . | . . . . . . . . . . . . . . Garrison Access 1 | . . . . . . . . . . . . . 1 Jam 1 | . . . . . . . . . . . . . 1 Data Cores Recovered 1 | . 1 . . . . . . . . . . . . Used . | . . . . . . . . . . . . . . Hacking Detections 41 | . 7 . 5 . 20 . . 5 . . . . 4 Full Trace Events 3 | . . . . . 2 . . 1 . . . . . Feedback Events . | . . . . . . . . . . . . . . Feedback Blocked . | . . . . . . . . . . . . . . Robot Schematics Acquired . | . . . . . . . . . . . . . . Robots Built . | . . . . . . . . . . . . . . Authchips . | . . . . . . . . . . . . . . Time . | . . . . . . . . . . . . . . Total Robot Build Rating . | . . . . . . . . . . . . . . Part Schematics Acquired 7 | . . . 2 . 5 . . . . . . . . Parts Built . | . . . . . . . . . . . . . . Authchips . | . . . . . . . . . . . . . . Time . | . . . . . . . . . . . . . . Total Part Build Rating . | . . . . . . . . . . . . . . Parts Repaired 5 | . 1 . . . 2 . . 2 . . . . . Time 143 | . 26 . . . 76 . . 41 . . . . . Parts Recycled . | . . . . . . . . . . . . . . Recycled Matter . | . . . . . . . . . . . . . . Retrieved Matter . | . . . . . . . . . . . . . . Retrieved Components 18 | . 11 . 3 . 4 . . . . . . . . Parts Scanalyzed 5 | . . . . . 5 . . . . . . . . Part Schematics Acquired 5 | . . . . . 5 . . . . . . . . Parts Damaged 1 | . . . . . 1 . . . . . . . . Bothacking | -11 -10 -10 -9 -9 -6 -6 -6 -5 -5 -5 -5 -4 -4 ------------ Run | Yrd Mat Sub Rec Scr Fac Low Low Fac Upp Upp War Pro Fac Used RIF Installer . | . . . . . . . . . . . . . . Robots Hacked 1 | . . . . . . . . . . . . . 1 Non-combat . | . . . . . . . . . . . . . . Combat 1 | . . . . . . . . . . . . . 1 Robot Hacks Applied 1 | . . . . . . . . . . . . . 1 parse_system 1 | . . . . . . . . . . . . . 1 Relay Couplers Released . | . . . . . . . . . . . . . . Fabnet Peak Effective % . | . . . . . . . . . . . . . . Robots Rewired . | . . . . . . . . . . . . . . Allies Hacked 1 | . . . . . . . . . 1 . . . . Hacks Repelled . | . . . . . . . . . . . . . . Allies | -11 -10 -10 -9 -9 -6 -6 -6 -5 -5 -5 -5 -4 -4 -------- Run | Yrd Mat Sub Rec Scr Fac Low Low Fac Upp Upp War Pro Fac Total Allies 11 | . . . . . 3 1 . 5 . . . . 2 Largest Group 5 | . . . . . 1 1 . 5 1 . . . 1 Highest-Rated Group 235 | . . . . . 54 141 . 235 47 . . . 123 Highest-Rated Ally 141 | . . . . . 54 141 . 47 47 . . . 123 Total Orders 2 | . . . . . . . . . . . . . 2 STAY 1 | . . . . . . . . . . . . . 1 FOLLOW 1 | . . . . . . . . . . . . . 1 Ally Attacks 121 | . . . . . . 11 . 43 7 . . . 60 Total Damage 4191 | . . . . . . 614 . 766 172 . . . 2639 Kills 38 | . . . . . . 7 . 6 . . . . 25 Allies Corrupted 2 | . . . . . . . . 1 1 . . . . Allies Melted . | . . . . . . . . . . . . . . Intel | -11 -10 -10 -9 -9 -6 -6 -6 -5 -5 -5 -5 -4 -4 ------- Run | Yrd Mat Sub Rec Scr Fac Low Low Fac Upp Upp War Pro Fac Active Infowar (turns) 14364 | 22 1376 13 591 2289 5012 105 . 669 242 409 659 1827 1150 Optics 2963 | . . . . . 2963 . . . . . . . . Sensors 8927 | . . . . . 4180 105 . 669 242 239 659 1827 1006 Terrain 36 | . . . . . . . . . . . . . 36 Seismic 4688 | 22 1376 13 591 2289 397 . . . . . . . . Triangulation 403 | . . . . . 403 . . . . . . . . Jamming 189 | . . . . . . . . . . . . 189 . ECM 1249 | . . . . . . . . . . 308 657 . 284 Robot Analysis Total 2 | . 1 . 1 . . . . . . . . . . Derelict Logs Recovered 12 | . . 2 . 4 . 2 . . 1 2 . 1 . Drone Launches . | . . . . . . . . . . . . . . Drone Recoveries . | . . . . . . . . . . . . . . Exploration | -11 -10 -10 -9 -9 -6 -6 -6 -5 -5 -5 -5 -4 -4 ------------- Run | Yrd Mat Sub Rec Scr Fac Low Low Fac Upp Upp War Pro Fac Turns Passed 20304 | 109 1741 770 644 2596 6014 1518 222 993 242 431 1285 1837 1902 Spaces Moved 14355 | 54 921 379 475 2187 3303 837 86 1228 479 673 1594 1057 1082 Core 196 | 5 . . . . . . . . . . 45 . 146 Treads 2156 | . 682 302 . . . . . . . . 12 933 227 Legs 5478 | 49 239 . . . 3134 837 86 39 . . 283 124 687 Wheels 2930 | . . 77 475 2187 169 . . . . . . . 22 Hover 3595 | . . . . . . . . 1189 479 673 1254 . . Flight . | . . . . . . . . . . . . . . Fastest Speed 44 | 50 120 125 125 100 105 130 209 44 48 48 48 120 50 Average Speed 113 | 115 149 152 125 117 137 137 213 53 48 49 67 155 120 Slowest Speed 650 | 120 160 160 125 125 260 229 229 209 48 111 260 240 650 Overloaded Moves . | . . . . . . . . . . . . . . Propulsion Burnouts . | . . . . . . . . . . . . . . Robots Hopped 2 | . . . . . . . . 2 . . . . . Potential Cave-ins 9 | . . . . . 6 3 . . . . . . . Cave-ins Triggered 1 | . . . . . 1 . . . . . . . . Exploration Rate (%) 57 | 5 100 27 75 94 54 70 9 22 63 73 95 93 21 Regions Visited 13 Branch Regions 9 Pre-discovered Areas 7 | . . 1 . 2 1 1 . . 1 . 1 . . Known Exits Taken 5 | . . . . . . . . 1 1 1 1 1 . Unknown Exits Taken 8 | 1 1 1 1 1 1 1 1 . . . . . . Scrap Searched 17 | . . . . 6 . 4 1 . 2 1 . 3 . Spaces Dug 89 | . 6 1 5 . 57 . . 14 . 4 . . 2 Terrain Destroyed 422 | . 14 1 5 . 152 82 6 28 . 29 11 27 67 Melee 79 | . 6 1 5 . 57 . . 8 . . . . 2 Projectile 179 | . . . . . 22 82 6 20 . 9 3 17 20 AOE 161 | . 8 . . . 73 . . . . 19 6 10 45 Terrain Rammed . | . . . . . . . . . . . . . . Walls Destroyed . | . . . . . . . . . . . . . . Machines Disabled . | . . . . . . . . . . . . . . Actions | -11 -10 -10 -9 -9 -6 -6 -6 -5 -5 -5 -5 -4 -4 --------- Run | Yrd Mat Sub Rec Scr Fac Low Low Fac Upp Upp War Pro Fac Total 16934 | 76 1192 482 499 2229 4190 1075 110 1497 490 732 1721 1190 1451 Wait 1048 | . 148 33 . 3 321 147 10 143 5 26 39 67 106 Move 14336 | 53 920 378 474 2186 3301 836 85 1223 478 672 1593 1056 1081 Hop 2 | . . . . . . . . 2 . . . . . Pick Up 138 | 5 22 8 2 8 46 6 1 16 1 . 1 6 16 Fast Attach 146 | 6 6 . . 3 36 3 3 16 2 1 27 1 42 Attach 89 | . 8 4 1 3 31 3 1 13 . 2 7 2 14 Detach 40 | . 3 . . 3 15 3 1 6 1 . 4 . 4 Swap 172 | . 20 3 6 7 66 10 2 4 . 11 11 9 23 Drop 157 | . 15 5 1 16 46 7 1 27 2 . 6 7 24 Fire 584 | 12 37 43 7 . 210 53 6 27 1 20 33 41 94 Melee 187 | . 13 8 8 . 101 7 . 20 . . . . 30 Ram . | . . . . . . . . . . . . . . Kick 8 | . . . . . 6 . . . . . . . 2 Crush . | . . . . . . . . . . . . . . Escape Stasis 26 | . . . . . 11 . . . . . . . 15 Rewire 1 | . . . . . . . . . . . . 1 . Trap . | . . . . . . . . . . . . . . Miscellaneous . | . . . . . . . . . . . . . . Route ------- -11/Scrapyard -10/Materials (discovered 6 exits: [*Mat x3] / [*Min x2] / [*Sub]) -10/Subcaves (discovered 2 exits: [*Mat] / *Rec) -9/Recycling (discovered 2 exits: [*Fac] / *Scr) -9/Scraptown (discovered 2 exits: *Fac x2) -6/Factory (discovered 3 exits: *Fac / [*Low] / *Ext) -6/Lower Caves -6/Lower Caves -5/Factory (discovered 2 exits: *Upp x2) -5/Upper Caves -5/Upper Caves (discovered 2 exits: *Fac / *War) -5/Warlord -4/Proximity Caves -4/Factory History --------- Turn | Location | Event 22 | -11/Scrapyard | Discovered new exit (range 15) 110 | -11/Scrapyard | Entered Materials 293 | -10/Materials | Discovered new exit (range 14) 304 | -10/Materials | Build established: Mutant 359 | -10/Materials | Discovered new exit (range 8) 709 | -10/Materials | Discovered new exit (range 16) 782 | -10/Materials | Repaired Lgt. Treads 1226 | -10/Materials | Discovered new exit (range 5) 1603 | -10/Materials | Discovered new exit (range 14) 1730 | -10/Materials | Discovered new exit (range 8) 1851 | -10/Materials | Entered Subcaves 1852 | -10/Subcaves | Approached by a straggling Scientist 1864 | -10/Subcaves | Ambushed by Subdwellers from Twisted Machinery 1994 | -10/Subcaves | Shifting Twisted Machinery released Piercing Trap 2106 | -10/Subcaves | Learned Materials stockpile data 2195 | -10/Subcaves | Discovered new exit (range 14) 2292 | -10/Subcaves | Learned location of Zion (-7) 2292 | -10/Subcaves | Met a Zionite searching for "candidates" 2414 | -10/Subcaves | Discovered new exit (range 12) 2504 | -10/Subcaves | Learned Materials terminal intel 2564 | -10/Subcaves | Shifting Twisted Machinery released Ripper 2568 | -10/Subcaves | Shifting Twisted Machinery released Sub. Laser 2621 | -10/Subcaves | Entered Recycling 3175 | -9/Recycling | Discovered new exit (range 16) 3215 | -9/Recycling | Scanned before Scraplab entrance 3234 | -9/Recycling | Entered Scraplab 3245 | -9/Recycling | Discovered new exit (range 2) 3265 | -9/Recycling | Entered Scraptown 3560 | -9/Scraptown | Visited Symbiants 3600 | -9/Scraptown | Visited Awakened 3644 | -9/Scraptown | Visited Spacefarers 3718 | -9/Scraptown | Visited TADAMA 3805 | -9/Scraptown | Heard Great Nut preacher, LISTEN AND RECITE! 4012 | -9/Scraptown | Visited SPCMW 4057 | -9/Scraptown | Visited CR-KLE's Repair Center 4083 | -9/Scraptown | Visited CPS Storage 4132 | -9/Scraptown | Scanned Subdweller tech in exchange for log data 4135 | -9/Scraptown | Learned 8 Research zone layouts 4137 | -9/Scraptown | Learned location of Warlord (-5) 4138 | -9/Scraptown | Learned location of Extension (-6) 4140 | -9/Scraptown | Learned Factory garrison access intel 4159 | -9/Scraptown | Discovered new exit (range 5) 4337 | -9/Scraptown | Visited UFD Registry 4337 | -9/Scraptown | Registered with UFD as "Protoncutter" 4397 | -9/Scraptown | Visited Curators Association 4444 | -9/Scraptown | Visited Junk Cannon Lab 4455 | -9/Scraptown | Found Prototype Special Weapon 4455 | -9/Scraptown | Identified Junk Cannon 4484 | -9/Scraptown | Visited Botcube Research 4617 | -9/Scraptown | Visited Science Guys 4657 | -9/Scraptown | Visited Junk Repository 4688 | -9/Scraptown | Visited Infowarlord's Domain 4753 | -9/Scraptown | Visited Science Testing Area 4953 | -9/Scraptown | Visited DA-N13 Charitable Foundation 4964 | -9/Scraptown | Found DCF Scrap (29 items) 5008 | -9/Scraptown | Visited Chapter 10 5047 | -9/Scraptown | Visited Abandonware Association 5061 | -9/Scraptown | Learned abandonware demo "REVENGE.EXE" 5061 | -9/Scraptown | Learned abandonware demo "REBOOT5.EXE" 5561 | -9/Scraptown | CR-KLE repaired 6 parts 5688 | -9/Scraptown | Found Lrg. Botcube 5786 | -9/Scraptown | Met Optimus 5786 | -9/Scraptown | Accepted into 0bPrime 5854 | -9/Scraptown | Discovered new exit (range 3) 5861 | -9/Scraptown | Entered Factory 5861 | -6/Factory | Evolved 8 slots: Propulsion x3, Utility x4, Weapon x1 5862 | -6/Factory | Loaded intel: 4 garrison access locations 6990 | -6/Factory | Lrg. Botcube activated 7005 | -6/Factory | Lrg. Botcube activated 7010 | -6/Factory | Build established: Skirmisher 7012 | -6/Factory | Found Lrg. Botcube 7026 | -6/Factory | Lrg. Botcube activated 7038 | -6/Factory | Lrg. Botcube completed mutation into treaded form (unarmed). 7523 | -6/Factory | Build established: Assassin 7925 | -6/Factory | Garrison activated, responded to threat 8007 | -6/Factory | Destroyed 7 combat bots 8234 | -6/Factory | Garrison activated, responded to threat 8315 | -6/Factory | Lost 3 parts (1p1u1w) 8517 | -6/Factory | Repaired Utility Shielding 8527 | -6/Factory | Repaired Arm. Leg? 8606 | -6/Factory | Loaded intel: 8 recycling unit locations 8902 | -6/Factory | Learned location of Protoforge (-3) 9434 | -6/Factory | Build established: Mutant 9842 | -6/Factory | Discovered new exit (range 5) 9848 | -6/Factory | Identified exit to Extension 10037 | -6/Factory | Build established: Skirmisher 10374 | -6/Factory | Build established: Mutant 10417 | -6/Factory | Core integrity fell below 50% 10573 | -6/Factory | Crushed by falling debris 10574 | -6/Factory | System corruption reached 10% 10672 | -6/Factory | Discovered new exit (range 7) 11475 | -6/Factory | Discovered new exit (range 14) 11541 | -6/Factory | Build established: Hacker-Mutant 11821 | -6/Factory | Lost 3 parts (1p1n1w) 11875 | -6/Factory | Entered Lower Caves 11956 | -6/Lower Caves | 1C-UTU showed up to help 12036 | -6/Lower Caves | Core integrity fell below 20% 12055 | -6/Lower Caves | Build established: Hacker-Gunner 12459 | -6/Lower Caves | Build established: Hacker-Mutant 12738 | -6/Lower Caves | Learned Factory security intel 12837 | -6/Lower Caves | Build established: Hacker-Gunner 13135 | -6/Lower Caves | Spotted B-75 Beast 13254 | -6/Lower Caves | Build established: Hacker-Tank 13377 | -6/Lower Caves | Discovered new exit (range 8) 13393 | -6/Lower Caves | Entered another Lower Caves area 13432 | -6/Lower Caves | Attacked by a delusional Derelict stockpiling parts 13587 | -6/Lower Caves | Discovered new exit (range 9) 13615 | -6/Lower Caves | Entered Factory 13615 | -5/Factory | Evolved 2 slots: Power x1, Utility x1 13666 | -5/Factory | Build established: Tank 13731 | -5/Factory | Repaired Core Shielding 13820 | -5/Factory | Lost 3 parts (1p1n1w) 13975 | -5/Factory | Scrapoids reinforcements arrived? 14281 | -5/Factory | Repaired Antigrav System 14317 | -5/Factory | Identified exit to Upper Caves 14352 | -5/Factory | Loaded intel: 7 recycling unit locations 14608 | -5/Factory | Entered Upper Caves 14608 | -5/Upper Caves | Accompanied by 1 ally 14737 | -5/Upper Caves | Build established: Hacker-Skirmisher 14845 | -5/Upper Caves | Discovered new exit (range 14) 14850 | -5/Upper Caves | Identified exit to Upper Caves 14850 | -5/Upper Caves | Entered another Upper Caves area 14850 | -5/Upper Caves | Discovered new exit (range 8) 14852 | -5/Upper Caves | Attracted the attention of an 0b10 checkpoint 14853 | -5/Upper Caves | Identified exit to Factory 14882 | -5/Upper Caves | Learned Factory stockpile data 14896 | -5/Upper Caves | Learned Factory terminal intel 14946 | -5/Upper Caves | Spotted B-75 Beast 15276 | -5/Upper Caves | Discovered new exit (range 11) 15281 | -5/Upper Caves | Identified exit to Warlord 15281 | -5/Upper Caves | Entered Warlord 15300 | -5/Warlord | System corruption cleaned by Quarantine Array 15368 | -5/Warlord | Opened side exit 15586 | -5/Warlord | Build established: Hacker-Mutant 15637 | -5/Warlord | Rebuked by Warlord 15662 | -5/Warlord | Warlord's base attacked by MAIN.C 15698 | -5/Warlord | Found Prototype Energy Gun 15698 | -5/Warlord | Identified Vortex Rifle 15731 | -5/Warlord | Learned location of Quarantine (-3) 15731 | -5/Warlord | Learned 4 Access zone layouts 15731 | -5/Warlord | Learned 4 Quarantine zone layouts 15732 | -5/Warlord | Learned Factory fabricator intel 15732 | -5/Warlord | Learned Factory repair station intel 15732 | -5/Warlord | Learned Armory garrison access intel 15732 | -5/Warlord | Learned Armory scanalyzer intel 15862 | -5/Warlord | Spotted B-86 Titan 15915 | -5/Warlord | Warlord forces counterattacked 15952 | -5/Warlord | Destroyed B-86 Titan 15963 | -5/Warlord | Lost 3 allies 15969 | -5/Warlord | P-80 Master assimilated allied IN-Z25(l) 15982 | -5/Warlord | Spotted Executioner 15985 | -5/Warlord | Spotted Executioner 15997 | -5/Warlord | Destroyed Executioner 16023 | -5/Warlord | P-70 Sage assimilated allied 70-01W(g) 16058 | -5/Warlord | Lost 13 allies 16061 | -5/Warlord | Lost 12 parts (2p5n3u2w) 16152 | -5/Warlord | Found Vortex Rifle 16307 | -5/Warlord | Spotted Striker 16328 | -5/Warlord | Spotted Striker 16329 | -5/Warlord | P-70 Sage assimilated allied 2D-Y9I(B) 16331 | -5/Warlord | P-70 Sage assimilated allied MZ-WPJ(B) 16333 | -5/Warlord | Spotted MZ-WPJ(B) 16333 | -5/Warlord | Spotted 2D-Y9I(B) 16337 | -5/Warlord | Warlord base infiltrated, sounded retreat 16350 | -5/Warlord | Core integrity fell below 50% 16359 | -5/Warlord | Lost 5 allies 16362 | -5/Warlord | Destroyed Striker 16387 | -5/Warlord | Lost 10 parts (1p2n3u4w) 16523 | -5/Warlord | System corruption reached 10% 16551 | -5/Warlord | Discovered new exit (range 12) 16564 | -5/Warlord | Identified exit to Proximity Caves 16566 | -5/Warlord | Entered Proximity Caves 17019 | -4/Proximity Caves | Build established: Scavenger-Mutant 17117 | -4/Proximity Caves | Learned 4 Research zone layouts 17394 | -4/Proximity Caves | Core integrity fell below 20% 17495 | -4/Proximity Caves | Build established: Scavenger-Skirmisher 18330 | -4/Proximity Caves | Build established: Scavenger-Tank 18394 | -4/Proximity Caves | Discovered exit to Factory (range 7) 18403 | -4/Proximity Caves | Entered Factory 18403 | -4/Factory | Evolved 2 slots: Propulsion x1, Utility x1 18405 | -4/Factory | Loaded intel: 25 terminal locations 18406 | -4/Factory | Loaded intel: 6 fabricator locations 18407 | -4/Factory | Loaded intel: 6 repair station locations 18533 | -4/Factory | Identified exit to DSF 18752 | -4/Factory | Lost 6 parts (1p1n2u2w) 18782 | -4/Factory | Scraphulk reinforcements arrived 18823 | -4/Factory | Lost 4 parts (2n1u1w) 19282 | -4/Factory | Build established: Scavenger-Skirmisher 19355 | -4/Factory | Garrison activated, responded to threat 19432 | -4/Factory | Spotted B-86 Titan 19653 | -4/Factory | First assault squad dispatched 19663 | -4/Factory | Lost 3 parts (1p2u) 19789 | -4/Factory | Build established: Scavenger-Tank 19928 | -4/Factory | Core integrity fell below 50% 19936 | -4/Factory | Destroyed 10 combat bots 19962 | -4/Factory | Released all parts (1) 19990 | -4/Factory | Lost 21 parts (4p7n6u4w) 20045 | -4/Factory | Scraphulk reinforcements arrived? 20050 | -4/Factory | Allies destroyed B-86 Titan 20066 | -4/Factory | Found Hvy. Reflective Plating 20167 | -4/Factory | Core integrity fell below 20% 20227 | -4/Factory | System corruption reached 10% 20305 | -4/Factory | Self-destructed Last Messages --------------- 20292_ Slug penetrates Wall. 20292_ Penetrated by Slug. 20293_ Acquired 7 matter. 20293_ K-01 Serf collects debris. 20294_ Acquired 5 matter. 20295_ R-10 Processor collects Flexi-carbon Leg. 20297_ Acquired Plasma Rifle. 20297_ K-01 Serf collects debris. 20299_ Wall collapses. 20299_ R-10 Processor collects Field Laser. 20299_ Slug penetrates Door. 20300_ R-10 Processor collects Wheel. 20300_ K-01 Serf collects debris. 20300_ Acquired 18 matter. 20301_ Penetrated by Slug. 20301_ Slug penetrates Wall. 20301_ Penetrated by Slug. 20303_ Phase Cannon destroyed. 20303_ R-10 Processor collects Adv. Heat Sink. 20304_ I6TXMHNH2LLUG,0VXUHNI1:N 3 Map ----- +----------------------------------------------------+ | ?????????????????????????????????????????????????? | | ?????????????????????????????????????????????????? | | ?????????????????????????????????????????????????? | | ??????????????????!??????????????????????????????? | | ?????????????????????????????????????????????????? | | ?????????????????????????????????????????????????? | | ?????????????????????????????????????????????????? | | ?????????????????????????????????????????????????? | | ?????????????????????????????????????????????????? | | ?????????????????????????????????????????????????? | | ?????????????????????????????????????????????????? | | ?????????????????????????????????????????????????? | | ??????????????? ?????????????????????????????????? | | ???????????? ?????????????????????????????????? | | ??????????? ?????????????????????????????????? | | ?????????? ????????????????????????????????? | | ??????????" ??????????????? ???????????????? | | ????????? ???????########;#####????######## | | ?????????" ##+#???# ""G"" #????# | | ????????? % #???# "" "" #????# | | ????????? #???#= ! #????# ! | | ???????? ##### #????# """ | | ???????? = [ # #????# """"" | | ???????? # #?????? """"" | | ??????? !%! ; """ """ #?########### | | ??????? [ = %#@ """ """ #?# | | ??????? [% %= # % """ """ ### | | ??????????######## % ![ # w + | | ????????????????#=# % ! # ### | | ????????????????#!#% = # #?# | | ?????????????????##^^ ^ ##############?# | | ?????????????????##![ ==#??????#???????# | | ?????????????????##]!=% ###????????????# | | ??????????????????# ! %# ######???????# | | ??????????????????# !# ## ##???????########## | | ??????????????????# #### ################### | | ??????????????????# % | | ???????????? ?????# = % | | ??????????????????# % | | ??????????????????# % | | ??????????????????#^ % " ##########??# | | ??????????????????# "%"###??????????#%#??? | | ??????????????????# " ##???????????# #??? | | ??????????????????# ###??????????# ##?? | | ???????############ ##????????###+#### | | ???????# / # =^ ########## %%%= | | ???????# #^=^ ## [" | | ???????# # # ## """ | | ???????# =[*# ## " | | ???????# %=#= # ## | +----------------------------------------------------+ Best States ------------- Heat Dissipation 100 Coolant Potential 80 Energy Generation 37 Energy Capacity 505 Matter Stores 450 Matter Capacity 600 Sight Range 22 Robot Scan Range 15 Terrain Scan Range 14 Terrain Scan Density 210 ECM Strength 1 Jamming Range 12 Power Amplification 20 Armor Coverage 600 Resistance: KI 25 Resistance: TH 25 Core Shielding 20 Utility Shielding 33 Weapon Cycling 20 Melee Speed Boost 20 Phase Shifting 10 Evasion (%) 78 Targeting Accuracy 8 Target Analysis 6 Recoil Reduction 4 Offensive Hacking 14 Defensive Hacking 12 Authchip Count 1 Trap Extractor Capacity 6 Item Schematics ----------------- Med. Storage Unit | -9/Recycling | Hacked Seismic Detector | -9/Recycling | Hacked Utility Shielding | -6/Factory | Scanalyzed Arm. Wheel | -6/Factory | Scanalyzed Power Sword | -6/Factory | Scanalyzed Proton Missile Launcher | -6/Factory | Scanalyzed ECM Suite | -6/Factory | Scanalyzed Robot Schematics ------------------ None Fabricated ------------ Nothing Repaired ---------- Lgt. Treads | 71% | -10/Materials Utility Shielding | 28% | -6/Factory Arm. Leg | 55% | -6/Factory Core Shielding | 6% | -5/Factory Antigrav System | 18% | -5/Factory Alien Tech Used ----------------- None Achievements -------------- A Powerful Ally? Charge!!! Challenges ------------ None Game ------ Seed ThiefZhirovBlaster Manual? 0 Play Time 06:05:37 Cumulative 149.5 hours Start 2025.09.21 @ 14:55:44 End 2025.09.28 @ 15:37:05 Sessions 19 Manual Loads 0 Difficulty Rogue Special Mode None Game No. 51 Rogue 51 Adventurer 0 Explorer 0 Win Type - Total 1 Types 1/0/0/0/0/0/0/0/0/0 Lore% 42 Gallery% 43 Achievement% 41 Wizard Run 0 Options --------- Layout 0 ASCII 1 Keyboard 1 Movement Arrows Keybinds 0 Fullscreen 1 Font 28/Smallcaps Map View 72x54 Zoom Use 0% Tactical HUD 1 Map Filters NONE Filters NONE Steam 1 RUN: e8278edd-228c-4cd1-9a82-73f6ab8bade0